TOP OF THE 1ST |
Las Vegas 51s batting - Pitching for Louisville Bats : RHP Ragnar Alqvist
|
Pitching: RHP Ragnar Alqvist
|
|
Batting: LHB Jose Chavez
|
0-0: Ball 1-0: Called Strike 1-1: Swinging Strike 1-2: Foul Ball, location: 2F 1-2: Strikes out swinging
|
Batting: LHB Elmo Dreier
|
0-0: Swinging Strike 0-1: Ball 1-1: Ball 2-1: Ground out 6-3 (Groundball, 6, EV 99.4 MPH)
|
Batting: RHB Josh Jones
|
0-0: Foul Ball, location: 2F 0-1: Called Strike 0-2: Foul Ball, location: 2F 0-2: Ball 1-2: Foul Ball, location: 2F 1-2: Foul Ball, location: 2F 1-2: Strikes out swinging
|
Top of the 1st over - 0 runs, 0 hits, 0 errors, 0 left on base; Las Vegas 0 - Louisville 0 |
BOTTOM OF THE 1ST |
Louisville Bats batting - Pitching for Las Vegas 51s : RHP David Anzaldua
|
Pitching: RHP David Anzaldua
|
|
Batting: RHB Solange Le Coq
|
0-0: Called Strike 0-1: Ball 1-1: Called Strike 1-2: Hit by Pitch
|
Batting: LHB Satoru Handa
|
0-0: Ball Solange Le Coq is caught stealing 2nd base 2-6 1-0: Ball 2-0: Foul Ball, location: 2F 2-1: Foul Ball, location: 2F 2-2: Foul Ball, location: 2F 2-2: Ball 3-2: SINGLE (Groundball, 4, EV 99.4 MPH)
|
Batting: RHB Stephen Charbonneau
|
0-0: Swinging Strike 0-1: Ball 1-1: Ball Satoru Handa steals 2nd base 2-1: Foul Ball, location: 2F 2-2: SINGLE (Line Drive, 34D, EV 96.2 MPH) Satoru Handa to third Runner from 3rd tries for Home, throw by RF and OUT! 9-2 Stephen Charbonneau to second
|
Batting: SHB Freddie Farrar
|
0-0: Ball 1-0: Called Strike 1-1: Called Strike 1-2: Strikes out swinging
|
Bottom of the 1st over - 0 runs, 2 hits, 0 errors, 1 left on base; Las Vegas 0 - Louisville 0 |
TOP OF THE 2ND |
Las Vegas 51s batting - Pitching for Louisville Bats : RHP Ragnar Alqvist
|
Batting: RHB Masaya Nakamura
|
0-0: SINGLE (Groundball, 6, EV 95.0 MPH)
|
Batting: RHB Bobby Coulombe
|
0-0: Called Strike 0-1: Foul Ball, location: 2F 0-2: Foul Ball, location: 2F 0-2: Strikes out swinging
|
Batting: RHB Larry Shoop
|
0-0: Called Strike 0-1: Ball 1-1: Ball 2-1: Ball 3-1: Called Strike 3-2: Base on Balls Masaya Nakamura to second
|
Batting: RHB Bobby Mabrey
|
0-0: Ball 1-0: Called Strike 1-1: Foul Ball, location: 2F 1-2: Foul Ball, location: 2F 1-2: Ball 2-2: Foul Ball, location: 2F 2-2: Ground out 5-3 (Groundball, 56S, EV 62.5 MPH) Masaya Nakamura to third Larry Shoop to second
|
Batting: RHB David Stayton
|
0-0: Called Strike 0-1: Swinging Strike 0-2: Ball 1-2: Strikes out swinging
|
Top of the 2nd over - 0 runs, 1 hit, 0 errors, 2 left on base; Las Vegas 0 - Louisville 0 |
BOTTOM OF THE 2ND |
Louisville Bats batting - Pitching for Las Vegas 51s : RHP David Anzaldua
|
Batting: LHB David Cruz
|
0-0: Called Strike 0-1: Foul Ball, location: 2F 0-2: Ball 1-2: Foul Ball, location: 2F 1-2: Ground out 4-3 (Groundball, 4M, EV 109.4 MPH)
|
Batting: SHB Paul Sandoval
|
0-0: Called Strike 0-1: Ball 1-1: Swinging Strike 1-2: Fly out, F6 (Line Drive, 6MD, EV 70.0 MPH)
|
Batting: RHB Chris Zamora
|
0-0: Ball 1-0: Ball 2-0: Ball 3-0: Called Strike 3-1: Ground out U3 (Groundball, 34S, EV 71.9 MPH)
|
Bottom of the 2nd over - 0 runs, 0 hits, 0 errors, 0 left on base; Las Vegas 0 - Louisville 0 |
TOP OF THE 3RD |
Las Vegas 51s batting - Pitching for Louisville Bats : RHP Ragnar Alqvist
|
Batting: RHB Gang-sheng Chew
|
0-0: Ball 1-0: Ball 2-0: Called Strike 2-1: Ball 3-1: Called Strike 3-2: Foul Ball, location: 2F 3-2: SINGLE (Groundball, 6MD, EV 104.4 MPH)
|
Batting: LHB Jose Chavez
|
0-0: Called Strike 0-1: Fielders Choice at 2nd, 1-6 (Groundball, 13S, EV 61.9 MPH)
|
Batting: LHB Elmo Dreier
|
0-0: Ball Jose Chavez steals 2nd base (no throw) 1-0: Swinging Strike 1-1: Ball 2-1: Ball 3-1: Called Strike 3-2: Foul Ball, location: 2F 3-2: Fly out, F8 (Line Drive, 78M, EV 105.0 MPH)
|
Batting: RHB Josh Jones
|
0-0: Swinging Strike 0-1: SINGLE (Groundball, 56S, EV 72.5 MPH) (infield hit) Jose Chavez to third
|
Batting: RHB Masaya Nakamura
|
0-0: Ball 1-0: Fielders Choice at 2nd, 6-4 (Groundball, 6, EV 82.5 MPH)
|
Top of the 3rd over - 0 runs, 2 hits, 0 errors, 2 left on base; Las Vegas 0 - Louisville 0 |
BOTTOM OF THE 3RD |
Louisville Bats batting - Pitching for Las Vegas 51s : RHP David Anzaldua
|
Batting: RHB Colin Lord
|
0-0: Called Strike 0-1: Ball 1-1: Swinging Strike 1-2: Foul Ball, location: 2F 1-2: Ball 2-2: Strikes out swinging
|
Batting: RHB Steve Anderson
|
0-0: Called Strike 0-1: Called Strike 0-2: Ground out 1-3 (Groundball, 23, EV 69.4 MPH)
|
Batting: RHB Solange Le Coq
|
0-0: SINGLE (Line Drive, 34, EV 101.9 MPH)
|
Batting: LHB Satoru Handa
|
0-0: Ball 1-0: Called Strike Solange Le Coq steals 2nd base 1-1: Fly out, F7 (Line Drive, 7S, EV 90.0 MPH)
|
Bottom of the 3rd over - 0 runs, 1 hit, 0 errors, 1 left on base; Las Vegas 0 - Louisville 0 |
TOP OF THE 4TH |
Las Vegas 51s batting - Pitching for Louisville Bats : RHP Ragnar Alqvist
|
Batting: RHB Bobby Coulombe
|
0-0: Ball 1-0: Ball 2-0: Called Strike 2-1: SINGLE (Line Drive, 6D, EV 94.4 MPH)
|
Batting: RHB Larry Shoop
|
0-0: Called Strike 0-1: Swinging Strike 0-2: Ball 1-2: Ball 2-2: Foul Ball, location: 2F 2-2: Fielders Choice at 2nd, 6-4 (Groundball, 6, EV 81.2 MPH)
|
Batting: RHB Bobby Mabrey
|
0-0: Ball 1-0: Called Strike Larry Shoop steals 2nd base 1-1: Called Strike 1-2: Strikes out swinging
|
Batting: RHB David Stayton
|
0-0: Ground out U3 (Groundball, 34, EV 86.2 MPH)
|
Top of the 4th over - 0 runs, 1 hit, 0 errors, 1 left on base; Las Vegas 0 - Louisville 0 |
BOTTOM OF THE 4TH |
Louisville Bats batting - Pitching for Las Vegas 51s : RHP David Anzaldua
|
Batting: RHB Stephen Charbonneau
|
0-0: Ball 1-0: Swinging Strike 1-1: Ball 2-1: Foul Ball, location: 2F 2-2: Ball 3-2: Base on Balls
|
Batting: SHB Freddie Farrar
|
0-0: Ball Stephen Charbonneau steals 2nd base (no throw) 1-0: Ball 2-0: Called Strike 2-1: Swinging Strike 2-2: Strikes out swinging
|
Batting: LHB David Cruz
|
0-0: Ground out 4-3 (Groundball, 4, EV 105.0 MPH) Stephen Charbonneau to third
|
Batting: SHB Paul Sandoval
|
0-0: Ball 1-0: Foul Ball, location: 2F 1-1: Called Strike 1-2: Strikes out swinging
|
Bottom of the 4th over - 0 runs, 0 hits, 0 errors, 1 left on base; Las Vegas 0 - Louisville 0 |
TOP OF THE 5TH |
Las Vegas 51s batting - Pitching for Louisville Bats : RHP Ragnar Alqvist
|
Batting: RHB Gang-sheng Chew
|
0-0: Called Strike 0-1: Ground out 5-3 (Groundball, 5L, EV 86.2 MPH)
|
Batting: LHB Jose Chavez
|
0-0: TRIPLE (Groundball, 5L, EV 101.2 MPH)
|
Batting: LHB Elmo Dreier
|
0-0: Swinging Strike 0-1: Swinging Strike 0-2: Foul Ball, location: 2F 0-2: Foul Ball, location: 2F 0-2: Ball 1-2: Ball 2-2: Ball 3-2: Base on Balls
|
Batting: RHB Josh Jones
|
0-0: Fly out, F9 (Flyball, 89S, EV 76.9 MPH)
|
Batting: RHB Masaya Nakamura
|
0-0: Called Strike Elmo Dreier is caught stealing 2nd base 2-4
|
Top of the 5th over - 0 runs, 1 hit, 0 errors, 1 left on base; Las Vegas 0 - Louisville 0 |
BOTTOM OF THE 5TH |
Louisville Bats batting - Pitching for Las Vegas 51s : RHP David Anzaldua
|
Batting: RHB Chris Zamora
|
0-0: Swinging Strike 0-1: Ball 1-1: Ball 2-1: Ball 3-1: SINGLE (Line Drive, 4D, EV 100.6 MPH)
|
Batting: RHB Colin Lord
|
0-0: Ball 1-0: Swinging Strike 1-1: Ball 2-1: Grounds into double play, 1-6-3 (Groundball, 13S, EV 73.1 MPH)
|
Batting: RHB Steve Anderson
|
0-0: Called Strike 0-1: SINGLE (Groundball, 4MD, EV 96.9 MPH)
|
Batting: RHB Solange Le Coq
|
0-0: Ball 1-0: Called Strike 1-1: Ball 2-1: SINGLE (Line Drive, 8LS, EV 104.4 MPH) Steve Anderson to second Runner from 2nd tries for 3rd, SAFE, throw by CF made to third
|
Batting: LHB Satoru Handa
|
0-0: Called Strike 0-1: Ball 1-1: Ball 2-1: Ball 3-1: Called Strike 3-2: Ground out U3 (Groundball, 3, EV 98.8 MPH)
|
Bottom of the 5th over - 0 runs, 3 hits, 0 errors, 2 left on base; Las Vegas 0 - Louisville 0 |
TOP OF THE 6TH |
Las Vegas 51s batting - Pitching for Louisville Bats : RHP Ragnar Alqvist
|
Batting: RHB Masaya Nakamura
|
0-0: Swinging Strike 0-1: Foul Ball, location: 2F 0-2: Ball 1-2: Ground out 1-3 (Groundball, 34S, EV 68.8 MPH)
|
Batting: RHB Bobby Coulombe
|
0-0: Called Strike 0-1: Foul Ball, location: 2F 0-2: Ball 1-2: Ground out 5-3 (Groundball, 56, EV 93.1 MPH)
|
Batting: RHB Larry Shoop
|
0-0: Ball 1-0: Foul Ball, location: 2F 1-1: Swinging Strike 1-2: Ground out 5-3 (Groundball, 56, EV 100.6 MPH)
|
Top of the 6th over - 0 runs, 0 hits, 0 errors, 0 left on base; Las Vegas 0 - Louisville 0 |
BOTTOM OF THE 6TH |
Louisville Bats batting - Pitching for Las Vegas 51s : RHP David Anzaldua
|
Pitching: RHP Matt Bennett
|
|
Batting: RHB Stephen Charbonneau
|
0-0: Called Strike 0-1: Swinging Strike 0-2: TRIPLE (Flyball, 9D, EV 92.5 MPH)
|
Batting: SHB Freddie Farrar
|
0-0: Called Strike 0-1: SINGLE (Flyball, 6D, EV 99.4 MPH) Stephen Charbonneau scores
|
Batting: LHB David Cruz
|
0-0: Fielders Choice at 2nd, 6-4 (Groundball, 6M, EV 86.9 MPH)
|
Batting: SHB Paul Sandoval
|
0-0: Called Strike 0-1: Called Strike 0-2: Strikes out swinging
|
Batting: RHB Chris Zamora
|
0-0: Called Strike David Cruz is caught stealing 2nd base 2-4
|
Bottom of the 6th over - 1 run, 2 hits, 0 errors, 0 left on base; Las Vegas 0 - Louisville 1 |
TOP OF THE 7TH |
Las Vegas 51s batting - Pitching for Louisville Bats : RHP Ragnar Alqvist
|
Pitching: RHP Omar Vinson
|
|
Batting: RHB Bobby Mabrey
|
0-0: Ball 1-0: Fly out, F7 (Flyball, 7S, EV 90.6 MPH)
|
Batting: RHB David Stayton
|
0-0: Ball 1-0: Ball 2-0: DOUBLE (Line Drive, 7LS, EV 106.2 MPH)
|
Pinch Hitting: LHB Adam Hairston
|
0-0: Foul Ball, location: 2F 0-1: Swinging Strike 0-2: Ball 1-2: Ball 2-2: Foul Ball, location: 2F 2-2: Foul Ball, location: 2F 2-2: Fly out, F8 (Flyball, 8LXD, EV 89.4 MPH) Runner from 2nd tags up, SAFE at 3rd, no throw by CF
|
Batting: LHB Jose Chavez
|
0-0: Ball 1-0: Ball 2-0: Ball 3-0: Base on Balls
|
Pinch Hitting: RHB Billy Walker
|
0-0: Ball 1-0: Called Strike 1-1: Foul Ball, location: 2F 1-2: SINGLE (Groundball, 15S, EV 70.0 MPH) (infield hit) David Stayton scores Jose Chavez to second
|
Batting: RHB Josh Jones
|
0-0: DOUBLE (Flyball, 89D, EV 95.0 MPH) Jose Chavez scores Billy Walker to third
|
Batting: RHB Masaya Nakamura
|
0-0: Ground out 3-1 (Groundball, 34, EV 86.2 MPH)
|
Top of the 7th over - 2 runs, 3 hits, 0 errors, 2 left on base; Las Vegas 2 - Louisville 1 |
BOTTOM OF THE 7TH |
Louisville Bats batting - Pitching for Las Vegas 51s : RHP Matt Bennett
|
Now at 3B: Tomas Caldera
|
|
Now at SS: Adam Hairston
|
|
Pinch Hitting: LHB Jake Bill
|
0-0: Ball 1-0: Called Strike 1-1: Fly out, F7 (Flyball, 7D, EV 88.8 MPH)
|
Batting: RHB Colin Lord
|
0-0: Ball 1-0: Foul Ball, location: 2F 1-1: Hit by Pitch
|
Batting: RHB Steve Anderson
|
0-0: SINGLE (Groundball, 6MD, EV 103.1 MPH) Colin Lord to second
|
Batting: RHB Solange Le Coq
|
0-0: Called Strike 0-1: Foul Ball, location: 2F 0-2: Ball 1-2: Foul Ball, location: 2F 1-2: Ball 2-2: Foul Ball, location: 2F 2-2: Ground out 5-3 (Groundball, 56S, EV 80.0 MPH) Colin Lord to third Steve Anderson to second
|
Batting: LHB Satoru Handa
|
0-0: Called Strike 0-1: Ball 1-1: Swinging Strike 1-2: Foul Ball, location: 2F 1-2: Foul Ball, location: 2F 1-2: Foul Ball, location: 2F 1-2: Ball 2-2: Ball 3-2: Strikes out looking
|
Bottom of the 7th over - 0 runs, 1 hit, 0 errors, 2 left on base; Las Vegas 2 - Louisville 1 |
TOP OF THE 8TH |
Las Vegas 51s batting - Pitching for Louisville Bats : RHP Omar Vinson
|
Now at 1B: Jake Bill
|
|
Batting: RHB Bobby Coulombe
|
0-0: Foul Ball, location: 2F 0-1: Called Strike 0-2: Strikes out swinging
|
Batting: RHB Larry Shoop
|
0-0: Swinging Strike 0-1: Called Strike 0-2: Ball 1-2: TRIPLE (Flyball, 89XD, EV 114.4 MPH)
|
Batting: RHB Bobby Mabrey
|
0-0: Ball 1-0: Swinging Strike 1-1: Foul Ball, location: 2F 1-2: SINGLE (Groundball, 56D, EV 102.5 MPH) Larry Shoop scores
|
Pitching: RHP André Gaillard
|
|
Batting: RHB David Stayton
|
0-0: Called Strike 0-1: Foul Ball, location: 2F 0-2: Fielders Choice at 2nd, 4-6 (Groundball, 34, EV 87.5 MPH)
|
Batting: LHB Adam Hairston
|
0-0: Called Strike 0-1: Ball 1-1: Foul Ball, location: 2F Pickoff Throw to First - Out! 1-3
|
Top of the 8th over - 1 run, 2 hits, 0 errors, 0 left on base; Las Vegas 3 - Louisville 1 |
BOTTOM OF THE 8TH |
Louisville Bats batting - Pitching for Las Vegas 51s : RHP Matt Bennett
|
Pitching: RHP Hugo Valentin
|
|
Batting: RHB Stephen Charbonneau
|
0-0: Called Strike 0-1: Called Strike 0-2: Strikes out swinging
|
Batting: SHB Freddie Farrar
|
0-0: Called Strike 0-1: Ball 1-1: Ball 2-1: Foul Ball, location: 2F 2-2: Fly out, F8 (Flyball, 89M, EV 81.2 MPH)
|
Batting: LHB David Cruz
|
0-0: Called Strike 0-1: Ground out 4-3 (Groundball, 4, EV 107.5 MPH)
|
Bottom of the 8th over - 0 runs, 0 hits, 0 errors, 0 left on base; Las Vegas 3 - Louisville 1 |
TOP OF THE 9TH |
Las Vegas 51s batting - Pitching for Louisville Bats : RHP André Gaillard
|
Batting: LHB Adam Hairston
|
0-0: Ball 1-0: Foul Ball, location: 2F 1-1: Ball 2-1: Ground out 2-3 (Groundball, 2R, EV 71.9 MPH)
|
Batting: LHB Jose Chavez
|
0-0: Ground out 4-3 (Groundball, 4, EV 93.1 MPH)
|
Batting: SHB Tomas Caldera
|
0-0: Called Strike 0-1: Ball 1-1: Ball 2-1: Swinging Strike 2-2: Ball 3-2: Fly out, F9 (Flyball, 9D, EV 83.8 MPH)
|
Top of the 9th over - 0 runs, 0 hits, 0 errors, 0 left on base; Las Vegas 3 - Louisville 1 |
BOTTOM OF THE 9TH |
Louisville Bats batting - Pitching for Las Vegas 51s : RHP Hugo Valentin
|
Batting: SHB Paul Sandoval
|
0-0: Ball 1-0: Called Strike 1-1: Foul Ball, location: 2F 1-2: Foul Ball, location: 2F 1-2: SINGLE (Groundball, 5D, EV 96.2 MPH)
|
Batting: LHB Jake Bill
|
0-0: Ball 1-0: Called Strike 1-1: Ball 2-1: Ball 3-1: Foul Ball, location: 2F 3-2: Foul Ball, location: 2F 3-2: Base on Balls Paul Sandoval to second
|
Batting: RHB Colin Lord
|
0-0: Bunted foul 0-1: Sac Bunt to 5S - play at first, batter OUT! 5-4 Paul Sandoval to third Jake Bill to second
|
Pinch Hitting: LHB Curt Johnson
|
0-0: Ball 1-0: Foul Ball, location: 2F 1-1: SINGLE (Groundball, 4MD, EV 105.0 MPH) Paul Sandoval scores Jake Bill to third Runner from 3rd tries for Home, throw by CF and OUT! 8-2
|
Batting: RHB Solange Le Coq
|
0-0: Swinging Strike 0-1: Foul Ball, location: 2F 0-2: Ball 1-2: Ground out U3 (Groundball, 3S, EV 80.0 MPH)
|
Bottom of the 9th over - 1 run, 2 hits, 0 errors, 1 left on base; Las Vegas 3 - Louisville 2 |
|